 Dungeon Crawl Stone Soup version 0.20.1-1-g8b1a95d (webtiles) character file.

48 Fisto the Shooter (level 3, -2/29 HPs)
             Began as a Centaur Hunter on Nov 5, 2017.
             Slain by Crazy Yiuf
             ... wielding a +4 quarterstaff of chaos
              (3 damage)
             ... on level 2 of the Dungeon.
             The game lasted 00:11:18 (925 turns).

Fisto the Shooter (Centaur Hunter)                   Turns: 925, Time: 00:11:20

Health: -2/29      AC:  7    Str: 14    XL:     3   Next: 50%
Magic:  3/3        EV:  4    Int: 12    God:
Gold:   53         SH:  0    Dex: 10    Spells: 2/2 levels left

rFire    + + .     SeeInvis .   l - +0 spear
rCold    . . .     Gourm    .   (no shield)
rNeg     . . .     Faith    .   j - +0 chain mail
rPois    .         Spirit   .   (no helmet)
rElec    .         Reflect  .   (no cloak)
rCorr    .         Harm     .   (no gloves)
MR       +....                  (no barding)
Stlth    ..........             (no amulet)
Regen    0.1/turn               (no ring)
MPRegen  0.1/turn               (no ring)

@: lethally poisoned (-2 -> -12), very quick
A: hooves 3, clever 1, deformed body, fire resistance 2, speed 2, magic
resistance 1, tough skin 3
a: no special abilities


You were on level 2 of the Dungeon.
You were not hungry.

You visited 1 branch of the dungeon, and saw 2 of its levels.

You collected 53 gold pieces.

Inventory:

Hand Weapons
 a - a +1 shortbow
 b - a +0 short sword
 d - a +0 hunting sling
 l - a +0 spear (weapon)
Missiles
 q - 20 stones (quivered)
 r - 16 arrows
Armour
 j - a +0 chain mail (worn)
Jewellery
 n - an uncursed ring of protection from cold {unknown}
Scrolls
 i - a scroll of remove curse {unknown}
 k - a scroll of noise {unknown}
Potions
 c - a potion of heal wounds {unknown}
 e - a potion of curing {unknown}
 h - a potion of experience {unknown}
 o - a potion of cancellation {unknown}
Comestibles
 f - a bread ration
 g - a meat ration
 m - a royal jelly


   Skills:
 + Level 2.2 Fighting
 + Level 0.1 Polearms
 + Level 6.6 Bows
 + Level 0.4 Armour
 + Level 1.4 Dodging
 + Level 0.4 Stealth


You had 2 spell levels left.
You didn't know any spells.

Dungeon Overview and Level Annotations

Branches:
Dungeon (2/15)

Altars:
Vehumet

Annotations:
D:2 Crazy Yiuf


Innate Abilities, Weirdness & Mutations

You have hooves in place of feet.
Armour fits poorly on your strangely shaped body.
You cover ground very quickly.
You have extremely tough skin. (AC +3)
Your mind is acute. (Int +2)
Your flesh is very heat resistant. (rF++)
You are resistant to hostile enchantments. (MR+)


Message History

The bat hits you but does no damage.
Crazy Yiuf shouts!
The bat hits you but does no damage. The bat hits you but does no damage.
The bat hits you but does no damage. The bat hits you but does no damage. x2
Crazy Yiuf hits you with a quarterstaff of chaos.
You are lethally poisoned!
You feel sick. The bat hits you but does no damage.
Crazy Yiuf hits you with a quarterstaff of chaos!
* * * LOW HITPOINT WARNING * * *
Crazy Yiuf burns you.
* * * LOW HITPOINT WARNING * * *
It was a potion of mutation.
You feel extremely strange.
You feel resistant to heat.
You feel clever.
You feel more resistant to heat.
You feel resistant to hostile enchantments.
* * * LOW HITPOINT WARNING * * *
You feel sick. The bat hits you but does no damage.
Crazy Yiuf hits you with a quarterstaff of chaos.
You die...

...#....#
#..#)........##...
........# #.##.........##>#
..........#. #.........#†.#
##..........##..........†##
######.....######...#..##
## ......# ####...).## #.
..#... #.....†...# #.
..#.##.##.g.......# .
#(..(.)@........# .####.
##................ .#....
...(...........$..$ ......
....###b............ ......
.... #...[......... ......
(.. #..=........ ...... ..
...>..... ...... .........
.....$


You could see Crazy Yiuf and a bat.

Vanquished Creatures
  A worm (D:2)
  A leopard gecko (D:1)
  2 giant cockroaches
  9 goblins
  5 hobgoblins
  7 jackals
  4 bats
  3 frilled lizards
  3 kobolds
  4 rats
39 creatures vanquished.

Notes
Turn   | Place    | Note
-------+----------+-------------------------------------------
     0 | D:1      | Fisto the Centaur Hunter began the quest for the Orb.
     0 | D:1      | Reached XP level 1. HP: 17/17 MP: 1/1
   311 | D:1      | Reached XP level 2. HP: 24/24 MP: 2/2
   315 | D:1      | Reached skill level 6 in Bows
   651 | D:2      | Found a radiant altar of Vehumet.
   657 | D:2      | Reached XP level 3. HP: 29/29 MP: 3/3
   773 | D:2      | Found a runed door.
   777 | D:2      | Noticed Crazy Yiuf
   925 | D:2      | Gained mutation: Your flesh is heat resistant. (rF+) [potion of mutation]
   925 | D:2      | Gained mutation: Your mind is acute. (Int +2) [potion of mutation]
   925 | D:2      | Gained mutation: Your flesh is very heat resistant. (rF++) [potion of mutation]
   925 | D:2      | Gained mutation: You are resistant to hostile enchantments. (MR+) [potion of mutation]
   925 | D:2      | HP: 1/29 [poisoned by Crazy Yiuf]
   925 | D:2      | Slain by Crazy Yiuf

Skill      XL: |  1  2 |
---------------+-------+-----
Bows           | 6 |  6.6
Fighting       | |  2.2
Polearms       | |  0.1
Armour         | |  0.4
Dodging        | |  1.4
Stealth        | |  0.4

Action                   || total
-------------------------++-------
Melee: Spear             ||    33
       Kick              ||     3
 Fire: Shortbow          ||    74
       Hunting sling     ||     7
  Use: Scroll            ||     2
       Potion            ||     1
Armor: Chain mail        ||    82
       Leather armour    ||     1
Dodge: Dodged            ||    24
